 Dungeon Crawl Stone Soup version 0.26-a0-667-g92642533e4 (webtiles) character file.

Game seed: 9932864500886857646

56 Ijustatesigmund the Magician (level 3, 0/18 HPs)
             Began as a Spriggan Wanderer on Oct 16, 2020.
             Slain by a kobold
             ... wielding a +0 short sword
              (7 damage)
             ... on level 2 of the Dungeon.
             The game lasted 00:05:46 (2562 turns).

Ijustatesigmund the Magician (Spriggan Wanderer)    Turns: 2562, Time: 00:05:46

Health: 0/18       AC:  2    Str:  5    XL:     3   Next: 71%
Magic:  10/12      EV: 17    Int: 16    God:
Gold:   47         SH:  0    Dex: 16    Spells: 14/15 levels left

rFire    . . .     SeeInvis +   a - +0 short sword
rCold    . . .     Faith    .   (shield restricted)
rNeg     . . .     Spirit   .   d - +0 robe
rPois    .         Reflect  .   (helmet restricted)
rElec    .         Harm     .   (no cloak)
rCorr    .         Rampage  .   (gloves unavailable)
MR       .....                  (boots unavailable)
Stlth    ++........             k - amulet of magic regeneration
HPRegen  0.06/turn              h - ring of wizardry
MPRegen  0.38/turn              (no ring)

@: very slightly contaminated, drained, very quick
A: very small, unfitting armour, see invisible, speed 3
a: no special abilities


You were on level 2 of the Dungeon.
You visited 1 branch of the dungeon, and saw 2 of its levels.

You collected 47 gold pieces.

Inventory:

Hand Weapons
 a - a +0 short sword (weapon)
Armour
 d - a +0 robe (worn)
Jewellery
 h - a ring of wizardry (left hand)
 k - an amulet of magic regeneration (around neck)
Scrolls
 c - 3 scrolls of teleportation
 e - 2 scrolls of identify
 i - a scroll of blinking


   Skills:
 + Level 1.4(0.7) Fighting
 + Level 2.0(1.3) Short Blades
 + Level 2.7(2.0) Dodging
 - Level 1.5(0.8) Stealth
 - Level 6.6(5.8) Spellcasting
 - Level 2.4(1.7) Fire Magic
   Level 1.3(0.7) Evocations


You had 14 spell levels left.
You knew the following spells:

 Your Spells              Type           Power        Failure   Level
a - Foxfire               Conj/Fire      #...         4%          1

Your spell library contained the following spells:

 Spells                   Type           Power        Failure   Level
 Freeze                   Ice            #...         6%          1
 Conjure Flame            Conj/Fire      #.......     12%         3
 Inner Flame              Hex/Fire       #.......     12%         3
 Frozen Ramparts          Ice            #.....       16%         3
 Sticky Flame             Conj/Fire      #.......     36%         4
 Fireball                 Conj/Fire      #.........   69%         5


Dungeon Overview and Level Annotations

Branches:
Dungeon (2/15)

Altars:


Innate Abilities, Weirdness & Mutations

You are very small and have problems with some larger weapons.
You are too small for most types of armour.
You have supernaturally acute eyesight. (SInv)
You cover ground extremely quickly.


Message History

Your foxfire dissipates!
Casting: Foxfire (safe; 4% risk of failure)
Confirm with . or Enter, or press ? or * to list all spells.
You conjure some foxfire!
The foxfire hits the kobold but does no damage.
Your foxfire dissipates!
Casting: Foxfire (safe; 4% risk of failure)
Confirm with . or Enter, or press ? or * to list all spells.
You miscast Foxfire.
Nothing appears to happen.
Casting: Foxfire (safe; 4% risk of failure)
Confirm with . or Enter, or press ? or * to list all spells.
You conjure some foxfire!
The kobold closely misses you.
Your foxfire dissipates!
You hit the kobold.
The kobold is moderately wounded.
The kobold hits you with a +0 short sword.
You closely miss the kobold.
The kobold is moderately wounded.
The kobold hits you with a +0 short sword!
You die...

*,*
##.#..###.###..........#*
*,*
#.#.[......#.########.#.###
*,*
##...........##...)..###..#
*,*
##.######.#.##.#####.#....
*,* #.# #......# ##.....
,,* #.# ###.#### ##.)....
*** #.# ##.## #....... #.#
##<#.## ##...... #.#
##@###.## ##..... #.# ##K##
##.########... #.# #r##
##.......##.. **** *,*
##.## ##.######.#### ,,,*
****,* ##r###.## #.# **,*
*,,,,* #..#.#### #.# *,*
*,**** #.#.....# #.# *,*
*,* #.#####.#####.# *,* *,*
#.# #.#...#(####


You could see a kobold and a rat.

Vanquished Creatures
  An adder (D:2)
  An ooze (D:1)
  A dart slug (D:1)
  A leopard gecko (D:1)
  2 bats
  4 giant cockroaches
  6 goblins
  5 hobgoblins
  A ball python (D:2)
  3 frilled lizards (D:1)
  5 kobolds
  8 rats
38 creatures vanquished.

Vanquished Creatures (others)
  28 foxfires (D:1)
28 creatures vanquished.

Grand Total: 66 creatures vanquished

Notes
Turn   | Place    | Note
-------+----------+-------------------------------------------
     0 | D:1      | Ijustatesigmund the Spriggan Wanderer began the quest for
                  | the Orb.
     0 | D:1      | Ijustatesigmund set off with the following items: a +0
                  | dagger, a scroll of teleportation, a +0 robe; and the
                  | following spells available to memorise: Foxfire, Freeze,
                  | Conjure Flame, Inner Flame, Frozen Ramparts, Sticky Flame,
                  | Fireball
     0 | D:1      | Reached XP level 1. HP: 9/9 MP: 9/9
     2 | D:1      | Learned a level 1 spell: Foxfire
   408 | D:1      | Reached skill level 1 in Dodging
   426 | D:1      | Reached skill level 1 in Short Blades
   426 | D:1      | Reached XP level 2. HP: 9/14 MP: 5/10
  1095 | D:1      | Reached skill level 1 in Fighting
  1378 | D:1      | Reached XP level 3. HP: 13/18 MP: 10/12
  2562 | D:2      | Slain by a kobold

Illustrated notes

Levels and vault maps discovered:
D:1:      dpeg_arrival_pits, layout_basic, serial_rivers,
          chequers_serial_rivers_room_a, chequers_serial_rivers_micro_e,
          chequers_serial_rivers_large_a, chequers_serial_rivers_large_b,
          chequers_serial_rivers_micro_e
D:2:      layout_loops_ring

Skill      XL: |  1  2  3 |
---------------+----------+-----
Dodging        | 1 2 |  2.7
Short Blades   | 1 2 |  2.0
Fighting       | 1 |  1.4
Stealth        | |  1.5
Spellcasting   | |  6.6
Fire Magic     | |  2.4
Evocations     | |  1.3

Action                   || total
-------------------------++-------
Melee: Dagger            ||   108
       Short sword       ||    48
 Cast: Foxfire           ||    35
  Use: Scroll            ||     6
 Stab: Sleeping          ||     5
       Distracted        ||     1
Armor: Robe              ||    23
Dodge: Dodged            ||   161

Table legend: (Time is in decaauts)
 A = Elapsed time spent in this place.
 B = Non-inter-level travel time spent in this place.
 C = Inter-level travel time spent in this place.
 D = Time resting spent in this place.
 E = Time spent auto-exploring this place.
 F = Levels seen in this place.
 G = Mean time per level.
                   A        B        C        D        E       F      G
               +--------+--------+--------+--------+--------+-----+--------+
         Total |   2144 |   2127 |     17 |    625 |   1063 |   2 | 1072.0 |
       Dungeon |   2144 |   2127 |     17 |    625 |   1063 |   2 | 1072.0 |
               +--------+--------+--------+--------+--------+-----+--------+

Top non-repeatable levels by time:
     D:1: 1922 daAuts
     D:2: 221 daAuts
